 Dungeon Crawl Stone Soup version 0.31-a0-986-g5e6e4ef867 (webtiles) character file.

Game seed: 14459707170205011524

7596 timneilson the Ruffian (level 11, -12/75 HPs)
             Began as an Octopode Shapeshifter on Nov 13, 2023.
             Was an Initiate of Gozag.
             Mangled by a crystal guardian (24 damage)
             ... on level 1 of the Abyss.
             The game lasted 00:29:38 (9073 turns).

timneilson the Ruffian (Octopode Shapeshifter)      Turns: 9073, Time: 00:29:39

Health: -12/75     AC:  1    Str: 24    XL:     11   Next: 17%
Magic:  17/17      EV: 20    Int: 12    God:    Gozag
Gold:   885        SH:  0    Dex: 12    Spells: 14/18 levels left

rFire   + .          .
                       - Unarmed
rCold   + . .        n - +1 buckler
rNeg    . . .        (helmet currently unavailable)
rPois   +            (no amulet)
rElec   .            d - ring of poison resistance
rCorr   +            g - ring of resist corrosion
SInv    +            k - +5 ring of evasion
Will    .....        l - ring of protection from cold
Stlth   ++           m - +6 ring of strength
HPRegen 0.32/turn    q - ring of see invisible
MPRegen 0.15/turn    u - ring of protection from fire
                     (no ring)

%: no passive effects
@: confused, beast-form, gold aura
A: beast (slay +4), almost no armour, amphibious, 8 rings, camouflage 1,
gelatinous body 1, (nimble swimmer 1), tentacles
a: Begin Untransformation, Renounce Religion, Potion Petition, Call Merchant,
Bribe Branch


You were on level 1 of the Abyss.
You worshipped Gozag.
Gozag was pleased with you.
You were a hulking beast.
You visited 1 branch of the dungeon, and saw 9 of its levels.
You visited the Abyss 1 time.
You also visited: Bailey.

You collected 2268 gold pieces.
You spent 951 gold pieces at shops.
You paid 432 gold pieces to Gozag.

Inventory:

Missiles
 o - a throwing net
Armour
 n - a +1 buckler (worn)
 x - a +2 hat
Jewellery
 d - a ring of poison resistance (left tentacle)
 g - a ring of resist corrosion (right tentacle)
 k - a +5 ring of evasion (on tentacle)
 l - a ring of protection from cold (on tentacle)
 m - a +6 ring of strength (on tentacle)
 q - a ring of see invisible (on tentacle)
 u - a ring of protection from fire (on tentacle)
Talismans
 b - a beast talisman
 c - a flux talisman
Wands
 p - a wand of flame (27)
Scrolls
 e - 3 scrolls of teleportation
 f - 2 scrolls of amnesia
 r - a scroll of blinking
 w - a scroll of noise
Potions
 a - 3 potions of lignification
 h - 6 potions of curing
 i - 8 potions of might
 j - a potion of attraction
 s - 3 potions of resistance
 t - a potion of brilliance
 v - a potion of heal wounds {unknown}
 z - 2 potions of mutation {unknown}
 A - 4 potions of magic
 B - 2 potions of cancellation {unknown}
 C - a potion of haste


   Skills:
 * Level 7.0 Fighting
 * Level 7.2 Dodging
 + Level 7.0 Stealth
 + Level 3.8 Shields
 * Level 7.7 Unarmed Combat
 + Level 4.1 Spellcasting
 + Level 4.0 Translocations
 + Level 3.4 Evocations
 * Level 7.0 Shapeshifting


You had 14 spell levels left.
You knew the following spells:

 Your Spells              Type           Power      Damage    Failure   Level
a - Apportation           Tloc           24%        N/A       4%          1
b - Gell's Gravitas       Tloc           12%        N/A       14%         3

Your spell library contained the following spells:

 Spells                   Type           Power      Damage    Failure   Level
 Momentum Strike          Conj/Tloc      14%        3d8       17%         2
 Cigotuvi's Dreadful Rot  Necr/Pois/Air  4%         N/A       36%         2
 Jinxbite                 Hex            4%         N/A       36%         2
 Ozocubu's Armour         Ice            2%         N/A       61%         3
 Dispel Undead            Necr           2%         3d7       95%         4
 Summon Forest            Summ/Tloc      3%         N/A       97%         5
 Alistair's Intoxication  Tmut/Pois      1%         N/A       100%        5
 Metabolic Englaciation   Hex/Ice        1%         N/A       100%        5
 Summon Mana Viper        Hex/Summ       2%         N/A       100%        5
 Death Channel            Necr           1%         N/A       100%        6
 Summon Cactus Giant      Summ           1%         N/A       100%        6
 Simulacrum               Ice/Necr       Unusable   N/A       N/A         6

Dungeon Overview and Level Annotations

Branches:
Dungeon (9/15)             Temple (0/1) D:5             Orc (0/2) D:9
 Bailey (visited)
   Lair: D:8-11

Altars:
Dithmenos
Gozag
Makhleb
Nemelex Xobeh
Okawaru
Uskayaw
Wu Jian
Yredelemnul

Shops:
D:3 =   D:5 (   D:7 :   D:8 *?


Innate Abilities, Weirdness & Mutations

You are a hulking beast.
Your limbs bulge with bestial killing power. (Slay +4)
You cannot wear most types of armour.
You are amphibious.
You can wear up to eight rings at the same time.
Your skin changes colour to match your surroundings (Stealth+).
Your rubbery body absorbs attacks. (AC +1, EV +1)
((You are camouflaged when in or above water. (Stealth+)))
You have tentacles for arms and can constrict up to eight enemies at once.


Message History

You bump into the crystal wall.
The golden eye blinks at you. You resist with some effort.
You bump into the stone wall.
A small abomination comes into view.
A crystal guardian comes into view.
The golden eye blinks at you.
You easily resist.
The crystal guardian glitters, brittle, in the dim dungeon light.
You bludgeon the golden eye!
You kill the golden eye!
Your Fighting skill increases to level 7!
Your Stealth skill increases to level 7!
You see here 4 gold pieces.
You now have 885 gold pieces (gained 4).
You're too confused to move!
The crystal guardian glitters, brittle, in the dim dungeon light.
The crystal guardian hits you!
The small abomination closely misses you.
The crystal guardian misses you.
The crystal guardian fires a crystalline bolt at you.
The crystal bolt misses you.
A sixfirhy comes into view.
The sixfirhy misses you.
You bump into the metal wall.
The sixfirhy completely misses you.
A starcursed mass comes into view.
The golden eye turns its gaze towards you.
You bludgeon the sixfirhy! Your squeeze misses the sixfirhy.
The sixfirhy is moderately wounded.
The sixfirhy hits you! The sixfirhy shocks you! The sixfirhy barely misses you.
The sixfirhy hits you. The sixfirhy shocks you! The golden eye blinks at you.
You are more confused.
The crystal guardian closely misses you.
The sixfirhy completely misses you.
You bump into the stone wall.
The sixfirhy closely misses you. The sixfirhy barely misses you.
The sixfirhy hits you! The sixfirhy shocks you!
* * * LOW HITPOINT WARNING * * *
The crystal guardian hits you!!
You die...
Your body crumbles into a pile of gold.

. .. # . # #..# #.#
.#ยง .._.. # #
#.##.# ....#
..#.###...###...##
#....##.#........#.
#..##...#.# .....
.##..#.# x#. ..#
#....h##9#
#..#.39#..# #
##.x.#..# #..G###..
... #. .> ..###..#
.X.# ##.# .. X.#.
... # .##.. #.## .#
..


You could see a starcursed mass, a crystal guardian, a sixfirhy, a small
abomination and a golden eye.

Vanquished Creatures
  A two-headed ogre (D:7)
  An orc knight (Bailey)
  Pikel (D:6)
  Maggie (D:6)
  Grinder (D:6)
  Sigmund (D:2)
  A wyvern (D:8)
  Eustachio (D:6)
  3 golden eyes (Abyss:1)
  4 vampire mosquitoes (D:4)
  Edmund (D:6)
  An acid dragon (D:8)
  3 water moccasins
  Duvessa (D:6)
  A black bear (D:5)
  4 orc warriors
  2 ice beasts (D:7)
  3 ogres
  5 centaurs
  2 phantoms (D:6)
  3 bullfrogs
  4 kobold brigands
  2 scorpions (D:5)
  Dowan (D:6)
  7 killer bees
  A vampire bat (D:4)
  A howler monkey (D:7)
  3 jellies
  6 orc priests
  4 hounds (D:5)
  A gnoll bouda (D:7)
  2 iguanas
  8 orc wizards
  Terence (D:3)
  17 gnolls
  2 adders
  3 shadow imps
  A white imp (D:5)
  4 ufetubi
  2 worms
  2 dart slugs
  3 fire bats (D:4)
  43 orcs
  2 spectral bats (D:4)
  6 ball pythons
  3 bat skeletons (D:4)
  A bat zombie (D:4)
  8 endoplasms
  2 giant cockroaches
  12 goblins
  10 hobgoblins
  22 kobolds
  A quokka (D:1)
  17 bats
  A bat simulacrum (D:4)
  7 frilled lizards
  6 rats
257 creatures vanquished.

Vanquished Creatures (others)
  An orc wizard (D:6)
1 creature vanquished.

Grand Total: 258 creatures vanquished

Notes
Turn   | Place    | Note
-------+----------+-------------------------------------------
     0 | D:1      | timneilson the Octopode Shapeshifter began the quest for
                  | the Orb.
     0 | D:1      | Reached XP level 1. HP: 13/13 MP: 1/1
   116 | D:1      | Reached XP level 2. HP: 18/18 MP: 2/2
   378 | D:1      | Reached skill level 1 in Stealth
   421 | D:1      | Reached XP level 3. HP: 23/23 MP: 3/3
   629 | D:1      | Identified a scroll of acquirement
   629 | D:1      | Acquired 733 gold pieces
  1029 | D:2      | Noticed Sigmund
  1038 | D:2      | Killed Sigmund
  1039 | D:2      | Reached skill level 1 in Spellcasting
  1039 | D:2      | Reached XP level 4. HP: 19/30 MP: 3/5
  1039 | D:2      | Reached XP level 5. HP: 22/35 MP: 3/6
  1369 | D:3      | Identified the of Kumin
  1494 | D:3      | Found a sparkling altar of Nemelex Xobeh.
  1494 | D:3      | Found a shadowy altar of Dithmenos.
  1513 | D:3      | Noticed Terence
  1528 | D:3      | Killed Terence
  1529 | D:3      | Reached XP level 6. HP: 32/41 MP: 7/7
  1807 | D:3      | Found an opulent altar of Gozag.
  1818 | D:3      | Became a worshipper of Gozag Ym Sagoz the Greedy
  2134 | D:3      | Found Utruot's Jewellery Boutique.
  2142 | D:3      | Bought a +5 ring of evasion for 396 gold pieces
  2257 | D:3      | Learned a level 1 spell: Apportation
  2481 | D:4      | Reached XP level 7. HP: 43/46 MP: 9/9
  3112 | D:4      | Found a hide-covered altar of Uskayaw.
  3118 | D:4      | Found a burning altar of Makhleb.
  3174 | D:4      | Reached skill level 1 in Translocations
  3456 | D:3      | Bought a +6 ring of strength for 396 gold pieces
  3539 | D:5      | Entered Level 5 of the Dungeon
  3633 | D:5      | Found an ornate altar of the Wu Jian Council.
  3663 | D:5      | Reached XP level 8. HP: 23/54 MP: 11/11
  3869 | D:4      | Reached skill level 1 in Shields
  3869 | D:4      | Reached skill level 5 in Unarmed Combat
  4170 | D:5      | Reached skill level 5 in Shapeshifting
  4174 | D:5      | Found a staircase to the Ecumenical Temple.
  4396 | D:5      | Reached XP level 9. HP: 54/59 MP: 13/13
  4431 | D:5      | Found Fasoin's Antique Weapon Emporium.
  4603 | D:5      | Found an iron altar of Okawaru.
  4614 | D:5      | Reached skill level 5 in Dodging
  4712 | D:6      | Noticed Eustachio
  4742 | D:6      | Noticed Edmund
  4819 | D:6      | Killed Edmund
  4820 | D:6      | Reached skill level 1 in Evocations
  4852 | D:6      | Noticed Pikel
  4948 | D:6      | Killed Pikel
  4949 | D:6      | Reached skill level 5 in Fighting
  4949 | D:6      | Reached skill level 5 in Stealth
  5161 | D:6      | Killed Eustachio
  5168 | D:6      | Noticed Grinder
  5202 | D:6      | Killed Grinder
  5213 | D:6      | Noticed Maggie
  5220 | D:6      | Killed Maggie
  5221 | D:6      | Reached XP level 10. HP: 13/68 MP: 13/15
  5448 | D:6      | Noticed Dowan
  5458 | D:6      | Killed Dowan
  5464 | D:6      | Noticed Duvessa
  5470 | D:6      | Killed Duvessa
  5584 | D:6      | Learned a level 3 spell: Gell's Gravitas
  6340 | D:7      | Noticed a two-headed ogre
  6647 | D:7      | Found a basalt altar of Yredelemnul.
  6991 | D:7      | Killed a two-headed ogre
  6996 | D:7      | Identified the scarf of Privacy {repulsion, rElec rPois}
  7331 | D:8      | Found a flagged portal.
  7395 | Bailey   | Entered a bailey
  7669 | Bailey   | Noticed an orc knight
  7678 | Bailey   | Killed an orc knight
  8062 | D:8      | Found Qapnett's Magic Scroll Shop.
  8065 | D:8      | Found Myickor's General Store.
  8087 | D:8      | Bought a wand of flame (8) for 84 gold pieces
  8087 | D:8      | Bought a scroll of identify for 30 gold pieces
  8087 | D:8      | Bought a potion of curing for 45 gold pieces
  8386 | D:8      | Reached XP level 11. HP: 28/74 MP: 16/16
  8650 | D:9      | Identified the +2 robe of Divine Birdsong {rC+ Str+2
                  | Stlth+}
  8660 | D:9      | Found a staircase to the Orcish Mines.
  8915 | Abyss:1  | Found a candlelit altar of Ignis.
  8915 | Abyss:1  | Cast into level 1 of the Abyss (gnoll sergeant)
  8992 | Abyss:1  | Found a corrupted altar of Lugonu.
  9047 | Abyss:1  | Noticed a starcursed mass
  9058 | Abyss:1  | Found a corrupted altar of Lugonu.
  9058 | Abyss:1  | Found a corrupted altar of Lugonu.
  9059 | Abyss:1  | Noticed a crystal guardian
  9068 | Abyss:1  | Noticed a sixfirhy
  9069 | Abyss:1  | Noticed a starcursed mass
  9073 | Abyss:1  | Mangled by a crystal guardian

Illustrated notes

Levels and vault maps discovered:
D:1:      roderic_chinese_lattice_arrival, layout_rooms, grunt_decor_resistance,
          st_stairs_5, reono_crystal_passage
D:2:      layout_basic, uniq_sigmund
D:3:      layout_rooms, gammafunk_temple_overflow_statue,
          grunt_gozag_breadcrumbs, serial_shops, shop, uniq_terence
D:4:      layout_gridville, mainiacjoe_overflow_big_doors, goddamned_bats
D:5:      layout_gridville, mainiacjoe_overflow_boulevard, lemuel_crystal_altar,
          minmay_temple_entry_large_hall, serial_shops,
          nicolae_shop_rolling_square
D:6:      layout_loops_ring, uniq_duvessa, uniq_maggie, uniq_eustachio,
          uniq_grinder, uniq_edmund, uniq_pikel
D:7:      layout_basic, mainiacjoe_overflow_six_doors_small,
          minmay_fountain_box, minmay_fractal_squares_gapless_5
D:8:      layout_basic, enter_bailey_4, serial_shops, shop, shop
D:9:      layout_gridville, dpeg_oklobed_lair,
          kennysheep_orc_monster_closet_entryway
Abyss:1:  base:
D:1

Skill      XL: |  1  2  3  4  5  6  7  8  9 10 11 |
---------------+----------------------------------+-----
Stealth        | 1 2 3 4 5 6 7 |  7.0
Fighting       | 2 3 4 5 6 7 |  7.0
Dodging        | 3 4 6 7 |  7.2
Spellcasting   | 1 2 3 4 |  4.1
Unarmed Combat | 4 5 6 7 |  7.7
Shapeshifting  | 4 5 6 7 |  7.0
Translocations | 1 2 3 4 |  4.0
Shields        | 2 3 |  3.8
Evocations     | 2 3 |  3.4

Action                     |  1- 3 |  4- 6 |  7- 9 | 10-12 || total
---------------------------+-------+-------+-------+-------++-------
  Melee: Unarmed           |    74 |    74 |   179 |   231 ||   558
         Constrict         |    19 |    26 |    35 |    47 ||   127
         Tentacles         |    14 |    24 |    39 |    49 ||   126
         Punch             |       |     2 |     6 |    12 ||    20
   Cast: Apportation       |       |       |     2 |       ||     2
 Invoke: Call Merchant     |       |       |       |     1 ||     1
  Evoke: Wand              |       |       |       |     4 ||     4
    Use: Scroll            |     3 |     2 |     3 |    10 ||    18
         Potion            |       |       |     2 |     5 ||     7
   Stab: Sleeping          |     6 |     8 |    16 |    19 ||    49
         Distracted        |       |       |       |     2 ||     2
 Armour: Skin              |    30 |    32 |    81 |    71 ||   214
  Dodge: Dodged            |    36 |    54 |   155 |   182 ||   427
  Block: Buckler           |       |       |    24 |    37 ||    61

Table legend: (Time is in decaauts)
 A = Elapsed time spent in this place.
 B = Non-inter-level travel time spent in this place.
 C = Inter-level travel time spent in this place.
 D = Time resting spent in this place.
 E = Time spent auto-exploring this place.
 F = Levels seen in this place.
 G = Mean time per level.
                   A        B        C        D        E       F      G
               +--------+--------+--------+--------+--------+-----+--------+
         Total |   9021 |   8546 |    475 |   1758 |   3557 |  11 |  820.1 |
       Dungeon |   8360 |   7885 |    475 |   1536 |   3557 |   9 |  928.9 |
         Abyss |    156 |    156 |      0 |      0 |      0 |   1 |  156.0 |
        Bailey |    504 |    504 |      0 |    222 |      0 |   1 |  504.0 |
               +--------+--------+--------+--------+--------+-----+--------+

Top non-repeatable levels by time:
     D:4: 1401 daAuts
     D:5: 1204 daAuts
     D:6: 1135 daAuts
     D:7: 1132 daAuts
     D:8: 957 daAuts
     D:3: 887 daAuts
     D:2: 877 daAuts
     D:1: 642 daAuts
  Bailey: 504 daAuts
 Abyss:1: 156 daAuts
     D:9: 122 daAuts
